 Dungeon Crawl Stone Soup version 0.26.1-11-gd32895ea62 (webtiles) character file.

Game seed: 2281470492210324466

23765 ubername the Frost Mage (level 13, -9/86 HPs)
             Began as a Barachi Ice Elementalist on July 21, 2021.
             Was an Elder of Vehumet.
             Mangled by Rupert
             ... wielding a +0 vorpal great mace
              (29 damage)
             ... on level 13 of the Dungeon.
             The game lasted 01:04:26 (17440 turns).

ubername the Frost Mage (Barachi Ice Elementalist) Turns: 17440, Time: 01:04:27

Health: -9/86      AC: 16    Str: 10    XL:     13   Next: 8%
Magic:  16/26      EV: 15    Int: 20    God:    Vehumet [****..]
Gold:   462        SH:  5    Dex: 13    Spells: 6/31 levels left

rFire    . . .     SeeInvis .   V - +0 falchion (holy)
rCold    . . .     Faith    .   y - +0 buckler {reflect}
rNeg     . . .     Spirit   .   j - +0 robe
rPois    .         Reflect  +   (no helmet)
rElec    +         Harm     .   Y - +0 cloak {rCorr}
rCorr    +         Rampage  .   B - +0 pair of gloves
Will     +....                  O - +2 pair of boots
Stlth    +++.......             d - amulet of magic regeneration
HPRegen  0.24/turn              J - ring of willpower
MPRegen  0.45/turn              P - ring "Woemenn" {rElec rCorr}

@: icy armour, can't hop, slow
A: +LOS, swims, slowness 1, strong legs 2
a: Hop, Renounce Religion


You were on level 13 of the Dungeon.
You worshipped Vehumet.
Vehumet was greatly pleased with you.
You visited 2 branches of the dungeon, and saw 14 of its levels.

You collected 870 gold pieces.
You spent 408 gold pieces at shops.

Inventory:

Hand Weapons
 a - a +1 dagger of electrocution
 b - a +0 hunting sling of freezing
 w - a +2 short sword of flaming
 L - a +2 dagger of venom
 R - a +2 rapier of draining
 V - a +0 falchion of holy wrath (weapon)
Missiles
 n - 149 sling bullets
 r - 5 javelins
 s - 11 poisoned darts (quivered)
 x - 10 curare-tipped darts
 K - 4 datura-tipped darts
Armour
 j - a +0 robe (worn)
 y - a +0 buckler of reflection (worn)
 B - a +0 pair of gloves (worn)
 O - a +2 pair of boots (worn)
 W - a scarf of invisibility
 Y - a +0 cloak of preservation (worn)
Jewellery
 d - an amulet of magic regeneration (around neck)
 J - a ring of willpower (left hand)
 M - a +4 ring of protection
 P - the ring "Woemenn" (right hand) {rElec rCorr}
   (You bought it in a shop on level 9 of the Dungeon)

   [ring of resist corrosion]

   It insulates you from electricity.
   It provides partial protection from all sources of acid and corrosion.
Wands
 e - a wand of acid (15)
 k - a wand of flame (8)
 q - a wand of random effects (26)
 t - a wand of iceblast (12)
 u - a wand of disintegration (12)
 F - a wand of digging (2)
 I - a wand of polymorph (9)
 Z - a wand of enslavement (8)
Scrolls
 h - a scroll of identify
 o - 10 scrolls of remove curse
 p - 9 scrolls of magic mapping
 C - 3 scrolls of enchant armour
 H - 2 scrolls of amnesia
 Q - 2 scrolls of summoning
Potions
 f - 2 potions of berserk rage
 i - 5 potions of flight
 m - 4 potions of curing
 D - a potion of haste
 E - 2 potions of lignification


   Skills:
 + Level 3.2 Fighting
 + Level 3.1(4.4) Short Blades
 + Level 5.4(5.9) Long Blades
 + Level 1.8(2.9) Axes
 + Level 2.6(3.3) Maces & Flails
 + Level 1.6(2.3) Polearms
 + Level 1.8(2.9) Staves
 + Level 3.1(5.0) Slings
 + Level 1.6 Bows
 + Level 1.6 Crossbows
 + Level 5.9(6.3) Throwing
 + Level 2.1 Armour
 + Level 6.0 Dodging
 + Level 4.1 Stealth
 - Level 4.0 Shields
 + Level 1.8 Unarmed Combat
 + Level 9.9 Spellcasting
 * Level 7.1 Conjurations
 + Level 3.1 Hexes
 + Level 2.1 Summonings
 + Level 2.3 Necromancy
 + Level 1.8 Translocations
 + Level 1.1 Transmutations
 + Level 4.6 Fire Magic
 + Level 11.0 Ice Magic
 + Level 5.0 Air Magic
 * Level 6.1 Earth Magic
 + Level 3.1 Poison Magic
 + Level 1.4 Invocations
 + Level 2.1 Evocations


You had 6 spell levels left.
You knew the following spells:

 Your Spells              Type           Power        Failure   Level
a - Freeze                Ice            100%         1%          1
b - Frozen Ramparts       Ice            100%         1%          3
c - Ozocubu's Armour      Ice            52%          1%          3
d - Sandblast             Erth           68%          1%          1
e - Hailstorm             Conj/Ice       46%          1%          4
f - Searing Ray           Conj           76%          1%          2
g - Airstrike             Air            15%          2%          4
h - Olgreb's Toxic Radia  Pois           22%          5%          4
i - Ignite Poison         Fire/Tmut/Pois 21%          1%          3

Your spell library contained the following spells:

 Spells                   Type           Power        Failure   Level
 Bolt of Magma            Conj/Fire/Erth 16%          4%          5
 Magic Dart               Conj           100%         1%          1
 Poisonous Vapours        Pois/Air       52%          1%          2
 Conjure Flame            Conj/Fire      33%          1%          3
 Mephitic Cloud           Conj/Pois/Air  30%          1%          3
 Slow                     Hex            22%          2%          2
 Sting                    Tmut/Pois      72%          3%          1
 Blink                    Tloc           N/A          4%          2
 Call Imp                 Summ           18%          4%          2
 Summon Ice Beast         Ice/Summ       36%          4%          4
 Confusing Touch          Hex            22%          5%          3
 Gell's Gravitas          Tloc           8%           10%         3
 Metabolic Englaciation   Hex/Ice        19%          11%         5
 Petrify                  Tmut/Erth      24%          16%         4
 Yara's Violent Unravell  Hex/Tmut       9%           21%         5


Dungeon Overview and Level Annotations

Branches:
Dungeon (13/15)            Temple (1/1) D:4            Lair (0/6) D:10
    Orc (0/2) D:9          Vaults (0/5) D:13

Altars:
Ashenzari
Cheibriados
Dithmenos
Gozag
Hepliaklqana
Kikubaaqudgha
Qazlal
Trog
Uskayaw
Vehumet
Wu Jian
Xom
Yredelemnul
Zin

Shops:
D:9 =

Annotations:
D:7 1 runed translucent door
D:13 Rupert


Innate Abilities, Weirdness & Mutations

You can be seen from farther away. (+LOS)
You can swim through water.
You cover ground slowly.
You can hop long distances.


Message History

Casting: Ignite Poison (safe; 1% risk of failure)
Confirm with . or Enter, or press ? or * to list all spells.
You ignite the poison in your surroundings!
Rupert seems to burn from within!
Rupert is moderately wounded.
The deep troll earth mage seems to burn from within!
You kill the deep troll earth mage!
Vehumet accepts your kill.
You feel your power returning.
Casting: Ignite Poison (safe; 1% risk of failure)
Confirm with . or Enter, or press ? or * to list all spells.
You don't know that spell.
As you read the scroll of fear, it crumbles to dust.
You assume a fearsome visage.
Rupert resists with almost no effort.
The ogre looks frightened!
You block Rupert's attack.
Casting: Ignite Poison (safe; 1% risk of failure)
Confirm with . or Enter, or press ? or * to list all spells.
A film of ice covers your body!
Rupert hits you with a +0 vorpal great mace!!
You die...

# ### ## ..# ###.
#.# ###... # #..#
##..... #. #..#
....... #.#
#...## .......
#..# #.@######..
....... #.@#
##@.......(
....... ..#
##..........
.....O.
#.####...........
.......
#.)....#.#.......
.......
#....#.##.......
...#... # #....
## #......
...###. #. #...
.....# #. .... #.
#... ....## .....


You could see Rupert (berserk).

Vanquished Creatures
  2 tengu reavers (D:13)
  A minotaur (shapeshifter) (D:12)
  2 vault guards (D:13)
  2 deep troll earth magi (D:13)
  5 two-headed ogres
  A tengu warrior (D:12)
  A flayed ghost (D:13)
  A deep elf mage (D:12)
  Maurice (D:11)
  Joseph (D:7)
  A komodo dragon (D:10)
  A meliai (shapeshifter) (D:13)
  2 trolls
  A tengu conjurer (D:12)
  Prince Ribbit (D:7)
  6 yaks
  2 shadows (D:13)
  A redback (D:13)
  A steam dragon (D:7)
  10 humans (D:13)
  4 vampire mosquitoes (D:13)
  Menkaure (D:4)
  A water moccasin (D:10)
  2 sky beasts
  4 phantoms
  9 orc warriors
  2 ice beasts
  A black bear (D:6)
  11 ogres
  A necrophage (D:11)
  11 centaurs
  A big kobold (D:12)
  6 bullfrogs
  A scorpion (D:12)
  A wyvern skeleton (D:10)
  6 killer bees (D:8)
  2 electric eels
  6 howler monkeys
  A bullfrog zombie (D:13)
  4 jellies
  A quasit (D:8)
  11 orc priests
  9 hounds
  3 centaur skeletons
  Crazy Yiuf (D:4)
  8 orc wizards
  Jessica (D:2)
  3 iguanas
  6 worker ants
  4 gnolls
  11 adders
  5 white imps
  4 ufetubi
  An adder zombie (D:7)
  An ooze (D:3)
  2 adder skeletons
  3 worms
  A dart slug (D:2)
  6 leopard geckos
  33 orcs
  4 ball pythons
  7 giant cockroaches
  10 goblins
  5 hobgoblins
  11 jackals
  20 kobolds
  4 quokkas
  A ball python zombie (D:6)
  8 bats
  10 frilled lizards
  A leopard gecko skeleton (D:4)
  2 quokka zombies
  9 rats
324 creatures vanquished.

Vanquished Creatures (collateral kills)
  A centaur skeleton (D:10)
  An electric eel (D:9)
  3 orcs (D:9)
5 creatures vanquished.

Vanquished Creatures (others)
  An orc warrior (D:9)
  A centaur (D:13)
  An ufetubus (D:10)
  An orc (D:9)
  21 plants
25 creatures vanquished.

Grand Total: 354 creatures vanquished

Notes
Turn   | Place    | Note
-------+----------+-------------------------------------------
     0 | D:1      | ubername the Barachi Ice Elementalist began the quest for
                  | the Orb.
     0 | D:1      | Reached XP level 1. HP: 13/13 MP: 3/3
   118 | D:1      | Reached skill level 5 in Ice Magic
   261 | D:1      | Reached XP level 2. HP: 19/19 MP: 5/5
   708 | D:1      | Reached XP level 3. HP: 11/24 MP: 1/6
   940 | D:1      | Learned a level 3 spell: Frozen Ramparts
   944 | D:1      | Learned a level 3 spell: Ozocubu's Armour
  1395 | D:2      | Reached skill level 1 in Throwing
  1615 | D:2      | Reached XP level 4. HP: 30/30 MP: 5/8
  1779 | D:2      | Found an ancient bone altar of Kikubaaqudgha.
  2172 | D:2      | Found a faded altar of an unknown god.
  2214 | D:2      | Found a bloodstained altar of Trog.
  2282 | D:2      | Reached XP level 5. HP: 32/35 MP: 6/9
  2348 | D:2      | Noticed Jessica
  2355 | D:2      | Killed Jessica
  2602 | D:3      | Reached skill level 1 in Axes
  2602 | D:3      | Reached skill level 1 in Polearms
  2602 | D:3      | Reached skill level 1 in Staves
  2602 | D:3      | Reached skill level 1 in Slings
  2602 | D:3      | Reached skill level 1 in Bows
  2602 | D:3      | Reached skill level 1 in Crossbows
  2602 | D:3      | Reached skill level 1 in Shields
  2602 | D:3      | Reached skill level 1 in Unarmed Combat
  2602 | D:3      | Reached skill level 1 in Hexes
  2602 | D:3      | Reached skill level 1 in Translocations
  2602 | D:3      | Reached skill level 6 in Ice Magic
  2602 | D:3      | Reached skill level 1 in Air Magic
  2602 | D:3      | Reached skill level 1 in Earth Magic
  2602 | D:3      | Reached skill level 1 in Poison Magic
  2602 | D:3      | Reached skill level 1 in Invocations
  2602 | D:3      | Reached skill level 1 in Evocations
  2602 | D:3      | Reached XP level 6. HP: 44/44 MP: 9/11
  2651 | D:3      | Reached skill level 5 in Long Blades
  2651 | D:3      | Reached skill level 5 in Dodging
  2651 | D:3      | Reached skill level 8 in Ice Magic
  2651 | D:3      | Reached XP level 7. HP: 50/50 MP: 11/13
  3164 | D:3      | Found a hide-covered altar of Uskayaw.
  3351 | D:4      | Reached skill level 1 in Short Blades
  3556 | D:4      | Reached skill level 5 in Throwing
  3556 | D:4      | Reached XP level 8. HP: 32/56 MP: 9/15
  3762 | D:4      | Found a staircase to the Ecumenical Temple.
  3785 | D:4      | Found a runed translucent door.
  3803 | Temple   | Entered the Ecumenical Temple
  3846 | Temple   | Became a worshipper of Vehumet
  3900 | D:4      | Noticed Menkaure
  3909 | D:4      | Killed Menkaure
  4416 | D:4      | Noticed Crazy Yiuf
  4426 | D:4      | Killed Crazy Yiuf
  4492 | D:5      | Entered Level 5 of the Dungeon
  4792 | D:5      | Reached skill level 5 in Spellcasting
  5524 | D:5      | Found a hazy altar of Hepliaklqana.
  5935 | D:6      | Reached XP level 9. HP: 61/61 MP: 10/16
  6035 | D:6      | Reached * piety under Vehumet
  6035 | D:6      | Offered knowledge of Sandblast by Vehumet.
  6038 | D:6      | Learned a level 1 spell: Sandblast
  6043 | D:6      | Learned a level 4 spell: Hailstorm
  6146 | D:6      | Found a shadowy altar of Dithmenos.
  6151 | D:6      | Found an ornate altar of the Wu Jian Council.
  6152 | D:6      | Found a basalt altar of Yredelemnul.
  6952 | D:7      | Noticed Joseph
  6971 | D:7      | Killed Joseph
  7567 | D:7      | Noticed Prince Ribbit
  7575 | D:7      | Killed Prince Ribbit
  7576 | D:7      | Reached skill level 9 in Ice Magic
  7634 | D:7      | Found a glowing silver altar of Zin.
  7819 | D:7      | Found a runed translucent door.
  7819 | D:7      | Noticed a sixfirhy
  8584 | D:8      | Offered knowledge of Searing Ray by Vehumet.
  8585 | D:8      | Reached XP level 10. HP: 57/68 MP: 7/19
  8673 | D:8      | Learned a level 2 spell: Searing Ray
  9265 | D:7      | Reached ** piety under Vehumet
  9427 | D:7      | Found a snail-covered altar of Cheibriados.
  9719 | D:9      | Found Biateun's Jewellery Boutique.
  9784 | D:9      | Noticed a two-headed ogre
 10022 | D:9      | Killed a two-headed ogre
 10694 | D:9      | Found a staircase to the Orcish Mines.
 10765 | D:9      | Found a shimmering altar of Xom.
 11009 | D:9      | Bought the ring "Woemenn" {rElec rCorr} for 408 gold pieces
 11035 | D:10     | Entered Level 10 of the Dungeon
 11167 | D:10     | Found a staircase to the Lair.
 11285 | D:10     | Offered knowledge of Static Discharge by Vehumet.
 11286 | D:10     | Reached XP level 11. HP: 73/73 MP: 17/21
 11310 | D:10     | Reached skill level 10 in Ice Magic
 11355 | D:10     | Noticed a two-headed ogre
 11375 | D:10     | Killed a two-headed ogre
 11384 | D:10     | Noticed a two-headed ogre
 11400 | D:10     | Killed a two-headed ogre
 11815 | D:10     | Reached *** piety under Vehumet
 12781 | D:11     | Reached skill level 5 in Conjurations
 12968 | D:11     | Found an opulent altar of Gozag.
 13580 | D:11     | Noticed Maurice
 13589 | D:11     | Killed Maurice
 13696 | D:12     | Noticed a tengu warrior
 13702 | D:12     | Noticed a two-headed ogre
 13714 | D:12     | Killed a two-headed ogre
 13717 | D:12     | Noticed a two-headed ogre
 13719 | D:12     | Killed a tengu warrior
 14003 | D:12     | Offered knowledge of Airstrike by Vehumet.
 14020 | D:12     | Learned a level 4 spell: Airstrike
 14083 | D:12     | Killed a two-headed ogre
 14757 | D:12     | Noticed a deep elf mage
 14762 | D:12     | Killed a deep elf mage
 15192 | D:13     | Reached XP level 12. HP: 81/81 MP: 17/24
 15888 | D:13     | Learned a level 4 spell: Olgreb's Toxic Radiance
 15892 | D:13     | Learned a level 3 spell: Ignite Poison
 16119 | D:13     | Noticed a vault guard
 16123 | D:13     | Noticed a vault guard
 16124 | D:13     | Killed a vault guard
 16124 | D:13     | Reached **** piety under Vehumet
 16126 | D:13     | Killed a vault guard
 16127 | D:13     | Reached skill level 5 in Earth Magic
 16227 | D:13     | Found a gate to the Vaults.
 16406 | D:13     | Found a huge runed gate.
 16406 | D:13     | Found a huge runed gate.
 16406 | D:13     | Found a huge runed gate.
 16431 | D:13     | Found a huge runed gate.
 16432 | D:13     | Found a huge runed gate.
 16434 | D:13     | Found a huge runed gate.
 16434 | D:13     | Found a huge runed gate.
 16434 | D:13     | Found a huge runed gate.
 16434 | D:13     | Found a huge runed gate.
 16437 | D:13     | Found a huge runed gate.
 16487 | D:13     | Noticed a tengu reaver
 16487 | D:13     | Noticed a deep troll earth mage
 16487 | D:13     | Noticed a tengu reaver
 16488 | D:13     | Noticed a shock serpent
 16488 | D:13     | Noticed a fire giant
 16488 | D:13     | Noticed a sphinx
 16488 | D:13     | Noticed a four-headed hydra
 16488 | D:13     | Noticed an ettin
 16488 | D:13     | Noticed a fire giant
 16489 | D:13     | Noticed a deep troll earth mage
 16490 | D:13     | Noticed a tengu reaver
 16501 | D:13     | Noticed an alligator
 16651 | D:13     | Killed a tengu reaver
 16895 | D:13     | Noticed a quicksilver dragon
 16900 | D:13     | Noticed an eleionoma
 16900 | D:13     | a quicksilver dragon changed into an eleionoma
 16901 | D:13     | Noticed an alligator snapping turtle
 16901 | D:13     | an eleionoma changed into an alligator snapping turtle
 16903 | D:13     | Noticed a fire giant
 16903 | D:13     | an alligator snapping turtle changed into a fire giant
 16905 | D:13     | Noticed a dire elephant
 16905 | D:13     | a fire giant changed into a dire elephant
 16910 | D:13     | Noticed an iron troll
 16914 | D:13     | Noticed a stone giant
 16925 | D:13     | Noticed an azure jelly
 16926 | D:13     | Noticed an eleionoma
 16926 | D:13     | an azure jelly changed into an eleionoma
 16929 | D:13     | Noticed a quicksilver dragon
 16929 | D:13     | an eleionoma changed into a quicksilver dragon
 16934 | D:13     | Noticed an alligator snapping turtle
 16934 | D:13     | a quicksilver dragon changed into an alligator snapping
                  | turtle
 16938 | D:13     | an alligator snapping turtle changed into something unseen
 16945 | D:12     | Noticed a minotaur
 16953 | D:12     | Killed a minotaur
 17149 | D:13     | Offered knowledge of Bolt of Magma by Vehumet.
 17153 | D:13     | Killed a deep troll earth mage
 17226 | D:13     | Killed a tengu reaver
 17227 | D:13     | Reached skill level 1 in Transmutations
 17227 | D:13     | Reached skill level 11 in Ice Magic
 17227 | D:13     | Reached skill level 5 in Air Magic
 17227 | D:13     | Gained mutation: You can hop long distances. [Barachi
                  | growth]
 17227 | D:13     | Reached XP level 13. HP: 63/86 MP: 20/26
 17328 | D:13     | HP: 4/86 [centaur warrior skeleton (2)]
 17428 | D:13     | Noticed Rupert
 17440 | D:13     | Mangled by Rupert

Illustrated notes

Levels and vault maps discovered:
D:1:      dpeg_arrival_refuge, layout_loops_corners, minmay_tetromino_i4
D:2:      layout_loops_cross, nicolae_overflow_hidden_temple,
          lightli_temple_of_fire, chequers_ecumenical_altar_lobes, uniq_jessica
D:3:      minmay_inner_zag, layout_basic, lemuel_coloured_pillars_altar,
          minmay_lizard_king
D:4:      layout_basic, minmay_temple_entry_overgrown, uniq_menkaure,
          uniq_crazy_yiuf_cottage
D:5:      layout_basic, nzn_hepliaklqana_mist_gate
D:6:      layout_basic, minitemple
D:7:      cheibrodos_shockbox, layout_basic, marbit_many_paths, zin_scriptorium,
          serial_bayou_crossing, uniq_prince_ribbit1, uniq_joseph
D:8:      layout_loops_ring
D:9:      layout_loops_ring, overflow_temple_1_default, erik_orc_2,
          serial_shops, nicolae_shop_crystal, shop_coins
D:10:     wad_river_or_something, layout_cave_pools, david_lair_shrubbed,
          lemuel_old_faithful
D:11:     layout_loops_corners, nicolae_gozag_cash_rules_everything_around_me,
          uniq_maurice
D:12:     layout_cave_pods, amethyst_killhole
D:13:     layout_layer_cave, ximxim_vaults_locker_room, door_vault, uniq_rupert
Temple:   minmay_temple_forest_path

Skill      XL: |  1  2  3  4  5  6  7  8  9 10 11 12 |
---------------+-------------------------------------+-----
Ice Magic      | 5 6 8 9 10 11 | 11.0
Stealth        | 2 3 4 |  4.1
Throwing       | 1 2 3 4 5 |  5.9
Spellcasting   | 3 4 5 6 7 8 9 |  9.9
Fighting       | 2 3 |  3.2
Long Blades    | 3 5 |  5.4
Axes           | 1 |  1.8
Maces & Flails | 2 |  2.6
Polearms       | 1 |  1.6
Staves         | 1 |  1.8
Slings         | 1 3 |  3.1
Bows           | 1 |  1.6
Crossbows      | 1 |  1.6
Armour         | 2 |  2.1
Dodging        | 3 5 6 |  6.0
Shields        | 1 4 |  4.0
Unarmed Combat | 1 |  1.8
Conjurations   | 3 4 5 7 |  7.1
Hexes          | 1 3 |  3.1
Summonings     | 2 |  2.1
Necromancy     | 2 |  2.3
Translocations | 1 |  1.8
Fire Magic     | 3 4 |  4.6
Air Magic      | 1 2 5 |  5.0
Earth Magic    | 1 2 4 6 |  6.1
Poison Magic   | 1 3 |  3.1
Invocations    | 1 |  1.4
Evocations     | 1 2 |  2.1
Short Blades   | 1 2 3 |  3.1
Transmutations | 1 |  1.1

Action                   |  1- 3 |  4- 6 |  7- 9 | 10-12 | 13-15 || total
-------------------------+-------+-------+-------+-------+-------++-------
Melee: Whip              |     2 |       |       |       |       ||     2
       Dagger            |     6 |     9 |   182 |    67 |       ||   264
       Punch             |       |       |     1 |       |       ||     1
       Falchion          |       |       |       |    15 |     9 ||    24
       Rapier            |       |       |       |    18 |     1 ||    19
 Fire: Hunting sling     |       |       |       |     3 |       ||     3
Throw: Boomerang         |    77 |    49 |    41 |       |       ||   167
       Dart              |       |       |    65 |    79 |     4 ||   148
       Stone             |       |       |       |     8 |       ||     8
 Cast: Freeze            |    20 |    16 |     8 |    14 |       ||    58
       Frozen Ramparts   |       |     4 |    53 |    57 |     1 ||   115
       Ozocubu's Armour  |       |     3 |    34 |    59 |     6 ||   102
       Sandblast         |       |       |    22 |     6 |       ||    28
       Hailstorm         |       |       |     7 |     7 |       ||    14
       Searing Ray       |       |       |       |    61 |       ||    61
       Airstrike         |       |       |       |    59 |     3 ||    62
       Ignite Poison     |       |       |       |    17 |     5 ||    22
       Olgreb's Toxic Ra |       |       |       |    11 |     1 ||    12
 Abil: Hop               |       |     1 |     3 |     9 |     3 ||    16
Evoke: Wand              |       |       |     7 |     3 |     3 ||    13
  Use: Scroll            |     2 |     6 |    10 |    16 |     4 ||    38
       Potion            |       |     2 |     5 |     3 |     1 ||    11
 Stab: Sleeping          |     1 |       |     2 |     2 |       ||     5
       Distracted        |       |       |     1 |       |       ||     1
Armor: Robe              |     7 |     8 |    40 |    85 |     8 ||   148
Dodge: Dodged            |    29 |    19 |   148 |   168 |     3 ||   367
Block: Buckler           |       |       |       |    45 |     3 ||    48
       Reflection        |       |       |       |     9 |       ||     9
       Rpst.: Falchion   |       |       |       |     1 |       ||     1
